AoeStats
← Naranja

Black Forest

508185680Analyzed
4v4 RM · 12d ago on Sep 21, 2026· 55m 17s· 8 players
Game mode
Random Map
Map size
Large (8 player)
Population
200
Speed
Normal
Resources
Standard
Victory
Conquest
Starting age
Dark Age
Ending age
Imperial Age
RankedLock teamsTeams togetherTeam positionsShared explorationLock speedFull tech treeHidden civsTurbo modeCheats
Victory
Defeat
🇷🇺 Mongols · Russia
818
+11
🇺🇸 Muisca · United States
759
+14
🇨🇷 Khmer · Costa Rica
759
+14
🇦🇷 Burgundians · Argentina
751
+14
🇹🇷 Japanese · Türkiye
759
-16
🇩🇪 Persians · Germany
700
-13
🇫🇷 Persians · France
686
-12
🇨🇳 Italians · China
683
-12
Naranja
11:31 Feudal Age
13:08 Double-Bit Axe
13:11 Horse Collar
16:56 Man-at-Arms
20:15 Gold Mining
20:15 Stone Mining
22:48 Forging
22:24 Man-at-Arms
25:58 Castle Age
25:42 Wheelbarrow
27:48 Gold Mining
27:49 Stone Mining
28:32 Caravan
29:41 Pikeman
30:21 Squires
30:07 Gambesons
34:16 Imperial Age
32:05 Hand Cart
31:37 Town Watch
31:37 Loom
36:34 Chemistry
35:55 Ballistics
35:27 Heated Shot
35:32 Murder Holes
35:46 Town Patrol
35:38 Halberdier
35:47 Capped Ram
40:22 Siege Ram
41:39 Forging
41:31 Padded Archer Armor
41:31 Scale Mail Armor
41:22 Fletching
41:38 Scale Barding Armor
42:18 Elite War Elephant
44:44 Elite Skirmisher
46:05 Thumb Ring
zivrisinek
0:34 Loom
22:15 Feudal Age
24:42 Wheelbarrow
23:52 Town Watch
23:49 Horse Collar
23:59 Double-Bit Axe
24:20 Gold Mining
24:08 Man-at-Arms
24:35 Arson
28:14 Castle Age
26:39 Forging
26:29 Scale Mail Armor
27:29 Stone Mining
28:38 Scale Mail Armor
30:11 Hand Cart
29:56 Town Patrol
30:01 Heavy Plow
30:17 Bow Saw
34:40 Imperial Age
33:59 Gold Shaft Mining
33:35 Crossbowman
35:13 Iron Casting
34:31 Fletching
35:37 Elite Skirmisher
37:12 Conscription
38:10 Two-Man Saw
38:21 Bodkin Arrow
38:26 Padded Archer Armor
38:54 Thumb Ring
38:22 Pikeman
39:03 Squires
42:55 Kataparuto
46:28 Ballistics
46:20 Masonry
Misaka Mikoto
0:48 Loom
9:52 Feudal Age
10:18 Double-Bit Axe
10:18 Horse Collar
15:17 Town Watch
16:52 Loom
19:13 Castle Age
18:39 Stone Mining
18:42 Gold Mining
20:04 Bow Saw
20:51 Wheelbarrow
21:18 Loom
23:00 Heavy Plow
23:04 Caravan
23:09 Padded Archer Armor
26:53 Silk Road
27:05 Fletching
27:30 Leather Archer Armor
27:50 Fortified Wall
28:01 Ballistics
32:59 Imperial Age
30:45 Bodkin Arrow
31:24 Scale Mail Armor
31:49 Hand Cart
32:41 Thumb Ring
32:47 Squires
32:32 Arson
34:03 Conscription
34:47 Chemistry
33:43 Murder Holes
33:29 Treadmill Crane
34:37 Elite Genoese Crossbowman
35:40 Bracer
37:28 Two-Man Saw
37:42 Ring Archer Armor
37:22 Forging
38:45 Pirotechnia
39:24 Town Patrol
41:01 Iron Casting
40:31 Scale Barding Armor
40:45 Chain Mail Armor
43:50 Illumination
43:28 Devotion
45:18 Plate Mail Armor
45:48 Blast Furnace
ChrisTiA87
13:46 Feudal Age
15:43 Wheelbarrow
21:11 Double-Bit Axe
22:47 Arson
27:10 Castle Age
26:06 Stone Mining
26:07 Gold Mining
27:41 Horse Collar
28:58 Gold Shaft Mining
29:30 Caravan
29:01 Crossbowman
31:50 Hand Cart
31:18 Pikeman
33:03 Heavy Plow
33:46 Bloodlines
34:52 Thumb Ring
34:58 Scale Barding Armor
34:54 Scale Mail Armor
36:17 Husbandry
36:24 Squires
38:50 Padded Archer Armor
39:01 Forging
42:40 Imperial Age
42:18 Capped Ram
42:42 Heavy Scorpion
44:10 Siege Ram
44:44 Cavalier
48:59 Elite War Elephant
The HypnoToad
0:37 Loom
12:24 Feudal Age
13:10 Horse Collar
13:20 Double-Bit Axe
13:17 Horse Collar
14:09 Town Watch
18:29 Castle Age
16:30 Stone Mining
21:10 Bow Saw
26:39 Heavy Plow
33:41 Wheelbarrow
33:45 Gold Mining
34:31 Scale Mail Armor
34:42 Forging
37:46 Imperial Age
36:06 Sanctity
36:39 Chain Mail Armor
37:00 Iron Casting
37:24 Hand Cart
37:15 Town Patrol
38:05 Coinage
37:54 Herbalism
38:49 Huaracas
39:18 Banking
39:25 Block Printing
39:32 Sanctity
39:38 Illumination
39:49 Theocracy
40:09 Plate Mail Armor
40:11 Redemption
42:17 Redemption
42:21 Fervor
42:16 Devotion
42:39 Heresy
46:14 Fletching
47:37 Squires
46:59 Elite Temple Guard
Nahue
0:34 Loom
10:58 Feudal Age
11:15 Double-Bit Axe
11:12 Horse Collar
16:34 Stone Mining
17:37 Gold Mining
20:21 Castle Age
23:56 Stone Shaft Mining
24:01 Heavy Plow
24:46 Bow Saw
25:44 Gold Shaft Mining
33:06 Imperial Age
30:56 Husbandry
31:38 Cavalier
31:45 Pikeman
32:54 Forging
33:28 Wheelbarrow
32:39 Town Watch
33:55 Scale Barding Armor
36:03 Two-Man Saw
35:58 Iron Casting
35:44 Chain Barding Armor
35:25 Scale Mail Armor
35:17 Fletching
35:28 Padded Archer Armor
36:42 Conscription
38:21 Chemistry
39:20 Blast Furnace
38:35 Chain Mail Armor
38:48 Paladin
40:54 Plate Barding Armor
40:07 Elite Skirmisher
40:48 Halberdier
41:28 Squires
43:11 Elite Coustillier
48:22 Leather Archer Armor
48:02 Bodkin Arrow
48:40 Crop Rotation
48:43 Plate Mail Armor
Etheling
1:12 Loom
14:47 Feudal Age
16:15 Double-Bit Axe
16:25 Gold Mining
16:17 Horse Collar
16:33 Stone Mining
19:41 Wheelbarrow
23:21 Castle Age
24:40 Bow Saw
26:04 Heavy Plow
26:33 Fortified Wall
28:16 Ballistics
27:50 Fletching
30:41 Bodkin Arrow
31:08 Husbandry
32:40 Gold Shaft Mining
32:49 Scale Barding Armor
34:21 Hand Cart
35:11 Padded Archer Armor
37:02 Stone Shaft Mining
37:13 Caravan
41:36 Imperial Age
39:55 Bloodlines
40:06 Leather Archer Armor
41:23 Chain Barding Armor
41:14 Forging
41:38 Coinage
41:25 Masonry
42:45 Elite Mangudai
43:52 Conscription
44:20 Bracer
47:36 Iron Casting
47:05 Heavy Camel Rider
48:25 Banking
48:04 Capped Ram
50:28 Blast Furnace
50:46 Scale Mail Armor
50:50 Siege Ram
51:56 Drill
51:38 Murder Holes
51:34 Guard Tower
52:02 Nomads
55:03 Chain Mail Armor
54:11 Onager
Gnosis
0:42 Loom
12:43 Feudal Age
18:08 Castle Age
16:57 Double-Bit Axe
20:15 Horse Collar
23:40 Bow Saw
26:05 Stone Mining
26:30 Heavy Plow
27:37 Wheelbarrow
27:44 Fortified Wall
30:47 Husbandry
30:58 Bloodlines
32:14 Hand Cart
32:28 Forging
34:30 Ballistics
34:01 Heated Shot
34:39 Caravan
35:09 Coinage
34:52 Gold Mining
35:38 Stone Shaft Mining
35:43 Iron Casting
35:08 Scale Mail Armor
38:27 Imperial Age
35:33 Light Cavalry
36:37 Tusk Swords
37:46 Gold Shaft Mining
37:19 Scale Barding Armor
37:05 Fletching
37:16 Padded Archer Armor
38:52 Cavalier
39:23 Elite Ballista Elephant
39:53 Elite Battle Elephant
40:38 Double Crossbow
40:20 Capped Ram
43:40 Siege Ram
43:54 Pikeman
44:54 Halberdier
46:10 Heavy Scorpion
50:46 Chain Barding Armor
51:26 Blast Furnace
50:22 Bodkin Arrow
50:42 Leather Archer Armor
50:43 Chain Mail Armor
Connection lost

Rejoining the realm…

Still unreachable

The connection could not be restored.

Session expired

The server has moved on; the page needs a fresh start.